 Dungeon Crawl Stone Soup version 0.29-a0-719-g0fec994a2d (webtiles) character file.

Game seed: 9344251294651461037

25 Bnni the Chopper (level 2, -5/24 HPs)
             Began as a Demonspawn Monk on June 27, 2022.
             Slain by Sigmund
             ... wielding a +3 scythe of venom
              (10 damage)
             ... on level 2 of the Dungeon.
             The game lasted 00:01:33 (960 turns).

Bnni the Chopper (Demonspawn Monk)                   Turns: 960, Time: 00:01:34

Health: -5/24      AC:  3    Str: 11    XL:     2   Next: 86%
Magic:  2/2        EV: 12    Int: 11    God:
Gold:   73         SH:  0    Dex: 15    Spells: 1/1 levels left

rFire   . . .      SeeInvis .   a - +0 hand axe
rCold   . . .      Faith    .   (no shield)
rNeg    . . .      Spirit   .   d - +0 leather armour
rPois   .          Reflect  .   (no helmet)
rElec   .          Harm     .   (no cloak)
rCorr   .          Rampage  .   (no gloves)
Will    .....                   (no boots)
Stlth   +.........              (no amulet)
HPRegen 0.08/turn               (no ring)
MPRegen 0.08/turn               (no ring)

@: confused, lethally poisoned (-5 -> -20), ambrosia-drunk
A: large bone plates 1
a: no special abilities


You were on level 2 of the Dungeon.
You visited 1 branch of the dungeon, and saw 2 of its levels.

You collected 73 gold pieces.

Inventory:

Hand Weapons
 a - a +0 hand axe (weapon)
Armour
 b - a +0 robe
 d - a +0 leather armour (worn)
Jewellery
 f - an amulet of regeneration
Scrolls
 e - a scroll of magic mapping {unknown}
 g - a scroll of identify {unknown}
 h - a scroll of vulnerability {unknown}
 k - a scroll of immolation {unknown}
Potions
 i - a potion of invisibility {unknown}
 j - a potion of mutation {unknown}
 l - 2 potions of haste {unknown}


   Skills:
 + Level 3.3 Fighting
 * Level 3.4 Axes
 - Level 2.6 Dodging
 - Level 1.7 Stealth


You had one spell level left.
You didn't know any spells.
Your spell library contained the following spells:

 Spells                   Type           Power      Damage    Failure   Level
 Apportation              Tloc           0%         N/A       43%         1
 Conjure Flame            Conj/Fire      0%         6-21      80%         3
 Ignite Poison            Fire/Tmut/Pois 0%         N/A       80%         3
 Sticky Flame             Conj/Fire      0%         2d3       99%         4
 Alistair's Intoxication  Tmut/Pois      0%         N/A       100%        5


Dungeon Overview and Level Annotations

Branches:
Dungeon (2/15)

Altars:

Annotations:
D:2 Sigmund


Innate Abilities, Weirdness & Mutations

You are partially covered in large bone plates. (SH +4)


Message History

You hit the goblin.
You kill the goblin!
Sigmund the Dreaded comes into view.
He is wielding a +3 scythe of venom.
You see here a hobgoblin corpse.
Sigmund shouts!
You hit the worm.
The worm is moderately wounded.
Sigmund gestures wildly while chanting.
Sigmund flickers and vanishes!
Deactivating autopickup; reactivate with Ctrl-A.
The worm barely misses you.
You barely miss the worm.
The worm is moderately wounded.
The worm bites you.
You barely miss the worm.
The worm is lightly wounded.
Something hits you!
* * * LOW HITPOINT WARNING * * *
You are lethally poisoned!
You are too injured to fight recklessly!
You are too injured to fight recklessly!
You are too injured to fight recklessly!
You are too injured to fight recklessly!
You are too injured to fight recklessly!
You are too injured to fight recklessly!
You are too injured to fight recklessly!
You are too injured to fight recklessly!
You are too injured to fight recklessly!
You are too injured to fight recklessly!
You are too injured to fight recklessly!
You are too injured to fight recklessly!
You are too injured to fight recklessly!
You are too injured to fight recklessly!
You are too injured to fight recklessly!
You are confused.
You feel invigorated.
* * * LOW HITPOINT WARNING * * *
You feel very sick. Something hits you!
You die...

.. ... ..#.. #.##..
..#. ##. .#.:.#.##...
... ......#...#.##..
..##......#...# .
.....).......#...
.#####...............
...........†@w......
..≈##.....)#....... #
#≈>.$..)###....... #..
#≈≈.#....?........
#...##≈≈#.....###.....
#.....≈.......# ###..
...##≈.......# .
#≈≈#........
#≈≈#.....##.


You could see a worm.

Vanquished Creatures
  A ball python (D:1)
  4 bats
  2 endoplasms (D:1)
  3 goblins
  3 hobgoblins
  3 quokkas (D:1)
  4 frilled lizards (D:1)
  2 kobolds
22 creatures vanquished.

Notes
Turn   | Place    | Note
-------+----------+-------------------------------------------
     0 | D:1      | Bnni the Demonspawn Monk began the quest for the Orb.
     0 | D:1      | Reached XP level 1. HP: 18/18 MP: 1/1
   310 | D:1      | Gained mutation: You are partially covered in large bone
                  | plates. (SH +4) [demonic ancestry]
   310 | D:1      | Reached XP level 2. HP: 24/24 MP: 2/2
   954 | D:2      | Noticed Sigmund
   960 | D:2      | Slain by Sigmund

Illustrated notes

Levels and vault maps discovered:
D:1:      kennysheep_arrival_forest, layout_loops_ring
D:2:      layout_rooms, chequers_serial_rivers_small_a, hangedman_decor_points,
          uniq_sigmund

Skill      XL: |  1 |
---------------+----+-----
Axes           | 3 |  3.4
Fighting       | |  3.3
Dodging        | |  2.6
Stealth        | |  1.7

Action                   || total
-------------------------++-------
Melee: Hand axe          ||    72
  Use: Potion            ||     1
 Stab: Sleeping          ||     4
Armor: Leather armour    ||    17
Dodge: Dodged            ||    52
Block: Other             ||     5

Table legend: (Time is in decaauts)
 A = Elapsed time spent in this place.
 B = Non-inter-level travel time spent in this place.
 C = Inter-level travel time spent in this place.
 D = Time resting spent in this place.
 E = Time spent auto-exploring this place.
 F = Levels seen in this place.
 G = Mean time per level.
                   A        B        C        D        E       F      G
               +--------+--------+--------+--------+--------+-----+--------+
         Total |    971 |    939 |     32 |    145 |    614 |   2 |  485.5 |
       Dungeon |    971 |    939 |     32 |    145 |    614 |   2 |  485.5 |
               +--------+--------+--------+--------+--------+-----+--------+

Top non-repeatable levels by time:
     D:1: 939 daAuts
     D:2: 31 daAuts
